 Dungeon Crawl Stone Soup version 0.27.0-1-g7a089689b8 (webtiles) character file.

Game seed: 2152902629204173611

3440 Delamore the Slicer (level 10, 0/66 HPs)
             Began as an Octopode Brigand on Aug 10, 2021.
             Was an Initiate of Gozag.
             Splashed by Psyche's acid (4 damage)
             ... on level 8 of the Dungeon.
             The game lasted 00:10:29 (9532 turns).

Delamore the Slicer (Octopode Brigand)              Turns: 9532, Time: 00:10:29

Health: 0/66       AC: -3    Str: 16    XL:     10   Next: 5%
Magic:  10/10      EV: 15    Int: 15    God:    Gozag
Gold:   886        SH:  0    Dex: 16    Spells: 9/9 levels left

rFire    . . .     SeeInvis .   v - +5 dagger (flame)
rCold    + . .     Faith    .   (no shield)
rNeg     + . .     Spirit   .   (helmet restricted)
rPois    .         Reflect  .   l - amulet of regeneration
rElec    .         Harm     .   m - ring of positive energy
rCorr    +         Rampage  .   q - ring of resist corrosion
Will     ++...                  k - ring of Activism {rF+ Will+ Str+6}
Stlth    +++++.....             j - ring of ice
HPRegen  1.21/turn              d - ring of willpower
MPRegen  0.12/turn              (no ring)
                                (no ring)
                                (no ring)

@: corroded
A: almost no armour, amphibious, 8 rings, camouflage 1, gelatinous body 1,
(nimble swimmer 1), tentacles
a: Renounce Religion, Potion Petition, Call Merchant, Bribe Branch


You were on level 8 of the Dungeon.
You worshipped Gozag.
Gozag was pleased with you.
You visited 2 branches of the dungeon, and saw 9 of its levels.
You also visited: Sewer.

You collected 1013 gold pieces.
You spent 70 gold pieces at shops.
You paid 57 gold pieces to Gozag.

Inventory:

Hand Weapons
 a - a +2 dagger
 v - a +5 dagger of flaming (weapon)
Missiles
 b - 14 poisoned darts (quivered)
 r - 10 boomerangs
 z - a throwing net
Jewellery
 d - a ring of willpower (on tentacle)
 e - a ring of wizardry
 j - a ring of ice (on tentacle)
 k - the ring of Activism (on tentacle) {rF+ Will+ Str+6}
   (You acquired it on level 4 of the Dungeon)

   [ring of strength]

   Str:       It affects your strength (+6).
   rF:        It protects you from fire.
   Will:      It increases your willpower.
 l - an amulet of regeneration (around mantle)
 m - a ring of positive energy (left tentacle)
 q - a ring of resist corrosion (right tentacle)
Wands
 g - a wand of polymorph (9)
 u - a wand of flame (10)
 w - a wand of paralysis (5)
 x - a wand of digging (4)
Scrolls
 i - 2 scrolls of enchant armour {unknown}
 n - a scroll of brand weapon {unknown}
 o - 2 scrolls of amnesia {unknown}
 p - 3 scrolls of blinking
 s - 2 scrolls of teleportation {unknown}
 y - a scroll of vulnerability {unknown}
Potions
 f - a potion of flight
 h - a potion of haste
 t - 2 potions of curing


   Skills:
 - Level 5.0 Fighting
 - Level 10.0 Short Blades
 + Level 5.1 Throwing
 - Level 5.0 Dodging
 + Level 8.7 Stealth
 + Level 2.7 Evocations


You had 9 spell levels left.
You didn't know any spells.
Your spell library contained the following spells:

 Spells                   Type           Power      Damage    Failure   Level
 Corpse Rot               Necr/Air       N/A        N/A       38%         2
 Poisonous Vapours        Pois/Air       0%         N/A       38%         2
 Gell's Gravitas          Tloc           0%         N/A       63%         3
 Lesser Beckoning         Tloc           0%         N/A       63%         3
 Teleport Other           Tloc           0%         N/A       63%         3
 Freezing Cloud           Conj/Ice/Air   0%         6-21      100%        5


Dungeon Overview and Level Annotations

Branches:
Dungeon (8/15)             Temple (1/1) D:4           Sewer (visited)
   Lair: D:8-11

Altars:
Ashenzari
Dithmenos
Elyvilon
Fedhas
Gozag
Hepliaklqana
Kikubaaqudgha
Makhleb
Nemelex Xobeh
Okawaru
Qazlal
Sif Muna
Trog
Uskayaw
Vehumet
Xom
Yredelemnul
Zin
The Shining One

Shops:
D:5 :   D:7 *

Annotations:
D:8 Psyche


Innate Abilities, Weirdness & Mutations

You cannot wear most types of armour.
You are amphibious.
You can wear up to eight rings at the same time.
Your skin changes colour to match your surroundings (Stealth+).
Your rubbery body absorbs attacks. (AC +1, EV +1)
((You are camouflaged near water. (Stealth+)))
You have tentacles for arms and can constrict up to eight enemies at once.


Message History

You hear an angry hiss.
You throw a poisoned dart. The poisoned dart hits Psyche.
Psyche looks as sick as possible!
Psyche is heavily wounded.
You throw a poisoned dart. The poisoned dart hits Psyche.
Psyche looks as sick as possible!
Psyche is heavily wounded.
Psyche gestures at you while chanting. You resist with almost no effort.
You hear an angry hiss.
You throw a poisoned dart. The poisoned dart hits Psyche.
Psyche looks as sick as possible!
Psyche is heavily wounded.
A wyvern comes into view.
Psyche shouts, "I hope that you are sorry for that!"
A troll comes into view.
The steam dragon breathes steam at you. The ball of steam misses you.
A necrophage comes into view.
The wyvern bites you!
Psyche drinks a potion.
Psyche is healed!
The steam dragon breathes steam at you. The ball of steam hits you!
Psyche is engulfed in a cloud of scalding steam.
Psyche zaps a wand.
The bolt of acid hits you! You resist.
* * * LOW HITPOINT WARNING * * *
You are splashed with acid!
You resist.
* * * LOW HITPOINT WARNING * * *
There is a stone staircase leading up here.
You feel better.
You are engulfed in a cloud of scalding steam.
* * * LOW HITPOINT WARNING * * *
Psyche is no longer moving slowly.
The wyvern completely misses you. The wyvern barely misses you.
You are engulfed in a cloud of scalding steam.
* * * LOW HITPOINT WARNING * * *
Psyche zaps a wand.
The bolt of acid hits you. You resist.
* * * LOW HITPOINT WARNING * * *
The acid corrodes you!
You are splashed with acid.
You resist.
You die...
Your body crumbles into a pile of gold.

. #. . #.#.. #..#.
##... #....## .(
#.#...##########(.
#......§§§.§..(..
###....§§@.D.n...
#......l@§§....
####...#..§T.....
#.....)#......... $
#..#...#..#...... $ $
##.#.....!#...... ####
#)...............
.....##.#...#..##......
........#...#...#......


You could see Psyche (extremely poisoned), a troll, a steam dragon, a wyvern and
a necrophage.

Vanquished Creatures
  Pikel (D:5)
  Purgy (Sewer)
  3 black bears
  A sky beast (D:7)
  3 centaurs (D:6)
  An ogre (D:4)
  A phantom (D:4)
  A lemure (D:5)
  A bullfrog (D:6)
  A gnoll sergeant (D:7)
  3 scorpions
  A wyvern zombie (D:7)
  12 wights
  A howler monkey (D:6)
  2 centaur zombies (D:7)
  A bullfrog zombie (D:6)
  A bullfrog skeleton (D:7)
  5 hounds
  A centaur skeleton (D:6)
  3 orc priests
  Crazy Yiuf (D:5)
  Jessica (D:2)
  2 iguanas (D:5)
  Ijyb (D:5)
  Terence (D:3)
  4 orc wizards
  A killer bee zombie (D:7)
  A hound zombie (D:5)
  9 gnolls
  11 adders
  2 river rats (D:3)
  2 shadow imps
  A white imp (D:7)
  An adder skeleton (D:4)
  A worm (D:3)
  4 dart slugs
  28 orcs
  11 ball pythons
  7 bats
  9 endoplasms
  5 giant cockroaches
  5 hobgoblins
  19 jackals
  2 quokkas
  6 frilled lizards
  6 goblins
  13 kobolds
  7 rats
205 creatures vanquished.

Vanquished Creatures (collateral kills)
  3 centaurs (D:6)
3 creatures vanquished.

Grand Total: 208 creatures vanquished

Notes
Turn   | Place    | Note
-------+----------+-------------------------------------------
     0 | D:1      | Delamore the Octopode Brigand began the quest for the Orb.
     0 | D:1      | Reached XP level 1. HP: 14/14 MP: 1/1
    98 | D:1      | Reached XP level 2. HP: 19/19 MP: 2/2
   611 | D:1      | Reached skill level 3 in Short Blades
   615 | D:1      | Reached XP level 3. HP: 19/25 MP: 3/3
   894 | D:1      | Found a faded altar of an unknown god.
  1791 | D:2      | Reached XP level 4. HP: 22/30 MP: 4/4
  1883 | D:2      | Found a shimmering blue altar of Sif Muna.
  2380 | D:2      | Noticed Jessica
  2384 | D:2      | Killed Jessica
  2385 | D:2      | Reached skill level 4 in Short Blades
  2385 | D:2      | Reached XP level 5. HP: 30/36 MP: 5/5
  2856 | D:3      | Noticed Terence
  2867 | D:3      | Killed Terence
  2868 | D:3      | Reached skill level 5 in Short Blades
  2868 | D:3      | Reached XP level 6. HP: 14/42 MP: 6/6
  2874 | D:3      | Found a glowing drain.
  2895 | Sewer    | Entered a sewer
  3181 | Sewer    | Noticed Purgy
  3183 | Sewer    | Killed Purgy
  3803 | D:3      | Found a broken altar of Ashenzari.
  3937 | D:3      | Found a white marble altar of Elyvilon.
  3939 | D:3      | Found a sparkling altar of Nemelex Xobeh.
  4268 | D:4      | Reached XP level 7. HP: 42/47 MP: 7/7
  4349 | D:4      | Identified a scroll of acquirement
  4349 | D:4      | Acquired the ring of Activism {rF+ Will+ Str+6}
  4506 | D:4      | Found a stormy altar of Qazlal.
  4879 | D:4      | Reached skill level 6 in Short Blades
  5455 | D:4      | Found a staircase to the Ecumenical Temple.
  5491 | Temple   | Entered the Ecumenical Temple
  5504 | Temple   | Became a worshipper of Gozag Ym Sagoz the Greedy
  5799 | D:4      | Reached skill level 7 in Short Blades
  5816 | D:4      | Reached XP level 8. HP: 18/54 MP: 8/8
  6240 | D:5      | Entered Level 5 of the Dungeon
  6353 | D:5      | Found a runed translucent door.
  6354 | D:5      | Noticed Crazy Yiuf
  6378 | D:5      | Found a shimmering blue altar of Sif Muna.
  6461 | D:5      | Found an iron altar of Okawaru.
  6461 | D:5      | Found a burning altar of Makhleb.
  6720 | D:5      | Noticed Pikel
  6735 | D:5      | Killed Pikel
  6736 | D:5      | Reached skill level 5 in Fighting
  6736 | D:5      | Reached skill level 8 in Short Blades
  6866 | D:5      | Noticed Ijyb
  6873 | D:5      | Killed Ijyb
  6890 | D:5      | Found Iggiytal's Book Shop.
  7177 | D:5      | Killed Crazy Yiuf
  7178 | D:5      | Reached skill level 9 in Short Blades
  7413 | D:6      | Reached XP level 9. HP: 55/61 MP: 9/9
  7533 | D:6      | Reached skill level 5 in Dodging
  7831 | D:6      | Reached skill level 10 in Short Blades
  8746 | D:7      | Found Amicoenu's Gadget Gallery.
  8829 | D:7      | Bought a wand of paralysis (5) for 70 gold pieces
  8928 | D:7      | Reached skill level 1 in Evocations
  9310 | D:7      | Reached XP level 10. HP: 65/66 MP: 10/10
  9320 | D:7      | Reached skill level 5 in Throwing
  9341 | D:7      | Found a hide-covered altar of Uskayaw.
  9512 | D:8      | Noticed Psyche
  9532 | D:8      | Splashed by Psyche's acid

Illustrated notes

Levels and vault maps discovered:
D:1:      scummos_arrival_forest, layout_basic, ebering_ecumenical_altar_webs
D:2:      layout_basic, basic_altar, grunt_ministairs_6,
          kennysheep_generic_room_12, uniq_jessica
D:3:      layout_rooms, lemuel_round_altar, jmf_multi_god_temple,
          portal_sewer_entry_b, minivault_27, uniq_terence
D:4:      black_bear_nest_1, layout_layer_cave,
          nicolae_qazlal_general_emergency, minmay_temple_entry_butterflies
D:5:      layout_rooms, mainiacjoe_overflow_alcove_1,
          chequers_temple_overflow_statue_of_worship, serial_shops, shop,
          minmay_liquid_box, uniq_ijyb, uniq_crazy_yiuf_cottage, uniq_pikel
D:6:      wander_river, layout_loops_cross, amcnicky_mini_corridor_feature,
          centaur_isle
D:7:      layout_basic, nicolae_uskayaw_murder_on_the_dancefloor,
          nicolae_shop_gadgets
D:8:      cheibrodos_quashed, layout_rooms, gammafunk_ghost_spectres,
          special_room [special_room_orc], hangedman_abyss_or_decor_stabs,
          uniq_psyche
Temple:   eino_temple_lava

Skill      XL: |  1  2  3  4  5  6  7  8  9 10 |
---------------+-------------------------------+-----
Short Blades   | 3 4 5 7 9 10 | 10.0
Fighting       | 3 4 5 |  5.0
Dodging        | 2 3 4 5 |  5.0
Stealth        | 8 |  8.7
Throwing       | 4 5 |  5.1
Evocations     | 2 |  2.7

Action                   |  1- 3 |  4- 6 |  7- 9 | 10-12 || total
-------------------------+-------+-------+-------+-------++-------
Melee: Dagger            |    95 |   126 |   312 |    16 ||   549
       Constrict         |    27 |    29 |    64 |     2 ||   122
       Tentacles         |    11 |    26 |    85 |     5 ||   127
Throw: Dart              |       |    10 |    12 |    14 ||    36
  Use: Scroll            |     2 |     3 |     6 |       ||    11
       Potion            |       |       |       |     1 ||     1
 Stab: Sleeping          |    14 |    15 |    18 |     4 ||    51
       Distracted        |       |       |     2 |       ||     2
Armor: Skin              |     5 |     7 |    15 |       ||    27
Dodge: Dodged            |    47 |    43 |   154 |     8 ||   252
